 Dungeon Crawl Stone Soup version 0.28-a0-1084-ga282ea246d (webtiles) character file.

Game seed: 2403738503950329089

22540 Analysis the Bludgeoner (level 13, -7/88 HPs)
             Began as a Gargoyle Berserker on Dec 9, 2021.
             Was an Elder of Trog.
             Mangled by a boulder beetle (18 damage)
             ... on level 12 of the Dungeon on Dec 10, 2021.
             The game lasted 01:40:57 (19854 turns).

Analysis the Bludgeoner (Gargoyle Berserker)       Turns: 19854, Time: 01:40:58

Health: -7/88      AC: 25    Str: 26    XL:     13   Next: 0%
Magic:  0/13       EV:  6    Int:  8    God:    Trog [****..]
Gold:   805        SH:  8    Dex:  9    Spells: 12/12 levels left

rFire   + . .      SeeInvis .   v - +3 flail
rCold   + . .      Faith    .   J - +0 kite shield
rNeg    + . .      Spirit   +   u - +1 chain mail {rF+}
rPois   ∞          Reflect  .   F - +0 helmet
rElec   +          Harm     .   (no cloak)
rCorr   .          Rampage  .   n - +0 pair of gloves
Will    .....                   E - +1 pair of boots {Fly}
Stlth   ..........              A - amulet of guardian spirit
HPRegen 0.24/turn               e - ring of protection from cold
MPRegen 0.13/turn               (no ring)

@: on berserk cooldown, flying, slowed, very slow
A: sickness immunity, AC +9, negative energy resistance 1, electricity
resistance, torment resistance 1, petrification resistance
a: Renounce Religion, Berserk, Trog's Hand, Brothers in Arms


You were on level 12 of the Dungeon.
You worshipped Trog.
Trog was greatly pleased with you.
You visited 2 branches of the dungeon, and saw 13 of its levels.
You also visited: Ossuary and Bailey.

You collected 805 gold pieces.

Inventory:

Hand Weapons
 v - a +3 flail (weapon)
Armour
 n - a +0 pair of gloves (worn)
 u - a +1 chain mail of fire resistance (worn)
 E - a +1 pair of boots of flying (worn)
 F - a +0 helmet (worn)
 J - a +0 kite shield (worn)
Jewellery
 e - a ring of protection from cold (left hand)
 A - an amulet of guardian spirit (around neck)
Wands
 z - a wand of flame (11) (quivered)
 B - a wand of iceblast (15)
 D - a wand of polymorph (9)
 H - a wand of mindburst (4)
Scrolls
 b - a scroll of immolation
 d - a scroll of blinking {unknown}
 f - 5 scrolls of acquirement
 g - a scroll of fear
 h - a scroll of torment
 o - 2 scrolls of fog
 r - 5 scrolls of teleportation
 w - a scroll of summoning {unknown}
 y - a scroll of vulnerability
 G - a scroll of brand weapon {unknown}
Potions
 a - 2 potions of berserk rage
 c - 6 potions of curing
 i - a potion of flight
 l - 3 potions of attraction
 m - 5 potions of cancellation
 p - a potion of resistance
 q - a potion of magic {unknown}
 s - 3 potions of brilliance
 t - 2 potions of mutation
 x - a potion of might {unknown}
 C - a potion of invisibility {unknown}
 I - 2 potions of haste


   Skills:
 + Level 13.4 Fighting
 + Level 16.7 Maces & Flails
 - Level 5.0 Armour
 - Level 1.5 Dodging
 * Level 4.4 Shields


You had 12 spell levels left.
You didn't know any spells.
Your spell library was empty.

Dungeon Overview and Level Annotations

Branches:
Dungeon (12/15)            Temple (0/1) D:6            Lair (1/6) D:11
    Orc (0/2) D:12        Ossuary (visited)          Bailey (visited)

Altars:
Ru

Shops:
D:12 ?

Annotations:
D:9 3 runed translucent doors, Tarias's ghost, journeyman OpCj
D:10 exclusion: ice statue
Lair:1 Fannar


Innate Abilities, Weirdness & Mutations

You are immune to sickness and miasma.
Your stone body is resilient. (AC +9)
You are immune to poison.
You resist negative energy. (rN+)
You are resistant to electric shocks. (rElec)
You are resistant to unholy torment.
You are immune to petrification.


Message History

The boulder beetle bites you but does no damage.
A red film seems to cover your vision as you go berserk!
You feel yourself moving faster!
You feel mighty! The boulder beetle bites you.
* * * LOW HITPOINT WARNING * * *
You sock the boulder beetle!
The boulder beetle is lightly wounded.
The boulder beetle closely misses you.
You bludgeon the boulder beetle!!
The boulder beetle is moderately wounded.
You hit the boulder beetle.
The boulder beetle is heavily wounded.
The boulder beetle bites you but does no damage.
You hit the boulder beetle.
The boulder beetle is heavily wounded.
You hit the boulder beetle.
The boulder beetle is heavily wounded.
The boulder beetle bites you!
* * * LOW HITPOINT WARNING * * *
You hit the boulder beetle.
The boulder beetle is heavily wounded.
The boulder beetle bites you!
* * * LOW HITPOINT WARNING * * *
You are too berserk!
You hit the boulder beetle but do no damage.
The boulder beetle is heavily wounded.
You feel a strong urge to attack something.
The boulder beetle bites you.
* * * LOW HITPOINT WARNING * * *
You are no longer berserk.
You are exhausted.
You feel yourself slow down.
Okay, then.
You feel better. The boulder beetle bites you!
* * * LOW HITPOINT WARNING * * *
Okay, then.
Okay, then.
You fail to use your ability.
You block the boulder beetle's attack.
Your ogre goes berserk!
The boulder beetle bites you!!
You die...

..*,,,,,,*,,,,*,*,*,*,,,,,* *,,
#**##**,,#...$.........,,,*****,,
#,...,,,,#....#.#.#.#.####*,,,,,,
#.########...........)...#***,*,,
#.#......#....#.#.#.#.?..#.,,,*,,
#.#.....##...............#.*****,
..#...........#.#.#.#.##.#,,,,,,,
###.......(..............##****,,
..<.............@BO........,,*,,,
..............#......(.....*****,
..............#............,,,,*,
########...########........***,*,
# #...# #........,,*,*, # #...#
#.....###*+*,** # #...#
#.....#,,,,*,,, # #...#
#.#####,,,,**** *******#...#
#.#,,,,,,,,,,,,


You could see a boulder beetle (ally target) and a friendly ogre (summoned,
berserk).

Vanquished Creatures
  Josephine (D:11)
  2 hydras (D:11)
  2 centaur warriors
  Erica (D:9)
  3 two-headed ogres
  An orc knight (D:10)
  Pikel (D:8)
  2 ugly things
  Joseph (D:9)
  2 cyclopes (D:11)
  Maggie (D:10)
  A cane toad (D:11)
  Psyche (D:8)
  A kobold demonologist (D:12)
  4 trolls
  Grinder (D:5)
  Prince Ribbit (D:5)
  2 shadows (D:11)
  6 wraiths
  24 yaks
  A wyvern (D:11)
  A vampire mosquito (D:12)
  A steam dragon (D:8)
  3 wargs (D:11)
  An acid dragon (D:9)
  Duvessa (D:6)
  3 water moccasins
  7 orc warriors
  3 sky beasts
  7 ice beasts
  4 necrophages
  A black bear (D:7)
  3 ogres
  4 centaurs
  2 phantoms (D:6)
  3 lemures (D:8)
  3 kobold brigands
  Blork the orc (D:6)
  2 bullfrogs
  A gnoll sergeant (D:11)
  6 water moccasin zombies (Ossuary)
  Dowan (D:6)
  16 killer bees
  4 wights (D:7)
  8 electric eels
  2 centaur zombies
  2 bullfrog zombies
  A jelly (D:4)
  2 hounds
  A bullfrog skeleton (D:6)
  10 orc priests
  A gnoll shaman (D:7)
  5 iguanas
  9 orc wizards
  3 mummies
  A howler monkey zombie (D:6)
  7 adders
  16 gnolls
  2 white imps
  An ufetubus (D:4)
  9 adder zombies
  An adder skeleton (D:4)
  2 worms
  3 dart slugs
  29 orcs
  6 ball pythons
  10 bats
  9 endoplasms
  3 giant cockroaches
  2 gnoll zombies (Ossuary)
  6 goblins
  2 hobgoblins
  3 jackals
  2 quokkas (D:1)
  3 frilled lizards
  3 hobgoblin zombies (Ossuary)
  20 kobolds
  2 kobold zombies (Ossuary)
  11 orc zombies (Ossuary)
334 creatures vanquished.

Vanquished Creatures (others)
  A kobold brigand (D:8)
  An orc wizard (D:8)
  An orc (D:8)
  2 plants
5 creatures vanquished.

Grand Total: 339 creatures vanquished

Notes
Turn   | Place    | Note
-------+----------+-------------------------------------------
     0 | D:1      | Analysis the Gargoyle Berserker began the quest for the
                  | Orb.
     0 | D:1      | Reached XP level 1. HP: 14/14 MP: 1/1
    16 | D:1      | Noticed a lindwurm
    16 | D:1      | Noticed a snapping turtle
    16 | D:1      | Noticed a killer bee
    17 | D:1      | Noticed a wolf
    17 | D:1      | Noticed an anaconda
    77 | D:1      | Reached XP level 2. HP: 18/19 MP: 2/2
   433 | D:1      | Reached XP level 3. HP: 23/23 MP: 3/3
  1300 | D:2      | Noticed a great orb of eyes
  1301 | D:2      | Noticed a golden eye
  1303 | D:2      | Found a faded altar of an unknown god.
  1305 | D:2      | Noticed a golden eye
  1390 | D:2      | Noticed a great orb of eyes
  1514 | D:2      | Reached skill level 4 in Maces & Flails
  1514 | D:2      | Reached XP level 4. HP: 29/29 MP: 4/4
  2142 | D:3      | Found a sacrificial altar of Ru.
  2964 | D:4      | Reached XP level 5. HP: 26/33 MP: 5/5
  3201 | D:4      | Noticed a necrophage
  3396 | D:4      | Reached skill level 5 in Maces & Flails
  3539 | D:4      | Reached ** piety under Trog
  3540 | D:4      | Reached XP level 6. HP: 16/39 MP: 6/6
  3938 | D:5      | Entered Level 5 of the Dungeon
  4017 | D:5      | Noticed a sky beast
  4030 | D:5      | Killed a sky beast
  4097 | D:5      | Noticed an ice beast
  4100 | D:5      | Found a sand-covered staircase.
  4116 | D:5      | Killed an ice beast
  4117 | D:5      | Reached skill level 5 in Fighting
  4117 | D:5      | Reached skill level 6 in Maces & Flails
  4117 | D:5      | Reached XP level 7. HP: 36/44 MP: 7/7
  4125 | Ossuary  | Entered an ossuary
  4825 | Ossuary  | Reached skill level 5 in Armour
  4875 | Ossuary  | Reached skill level 7 in Maces & Flails
  4875 | Ossuary  | Reached XP level 8. HP: 35/51 MP: 8/8
  5221 | D:5      | Reached *** piety under Trog
  5408 | D:5      | Noticed Grinder
  5850 | D:5      | Found a large runed translucent door.
  5850 | D:5      | Found a large runed translucent door.
  6112 | D:5      | Found a large runed translucent door.
  6112 | D:5      | Found a large runed translucent door.
  6129 | D:5      | Reached skill level 8 in Maces & Flails
  6211 | D:5      | Noticed a troll
  6213 | D:5      | Noticed Prince Ribbit
  6936 | D:6      | Reached skill level 9 in Maces & Flails
  6936 | D:6      | Reached XP level 9. HP: 49/57 MP: 9/9
  7109 | D:6      | Found the +5 robe of Night {Dark Will+ SInv}
  7113 | D:6      | Found a staircase to the Ecumenical Temple.
  7220 | D:6      | Noticed Blork the orc
  7230 | D:6      | Killed Blork the orc
  7528 | D:6      | Noticed Dowan
  7530 | D:6      | Noticed Duvessa
  7551 | D:6      | Killed Duvessa
  7559 | D:6      | Killed Dowan
  7936 | D:7      | Reached skill level 10 in Maces & Flails
  8491 | D:7      | Reached skill level 11 in Maces & Flails
  8689 | D:7      | Reached XP level 10. HP: 50/65 MP: 10/10
  8892 | D:7      | Reached **** piety under Trog
  9707 | D:8      | Noticed a two-headed ogre
  9893 | D:8      | Noticed a two-headed ogre
  9980 | D:5      | Reached skill level 12 in Maces & Flails
 10282 | D:5      | Killed Prince Ribbit
 10431 | D:5      | Reached skill level 10 in Fighting
 10911 | D:5      | Killed Grinder
 11017 | D:8      | Reached skill level 13 in Maces & Flails
 11246 | D:8      | Identified 3 scrolls of acquirement
 11246 | D:8      | Acquired a +1 pair of boots of flying
 12058 | D:9      | Noticed a centaur warrior
 12062 | D:9      | Noticed a two-headed ogre
 12442 | D:8      | Noticed Pikel
 12457 | D:8      | Killed Pikel
 12458 | D:8      | Reached XP level 11. HP: 73/73 MP: 11/11
 12639 | D:8      | Killed a two-headed ogre
 12753 | D:8      | Noticed Psyche
 13722 | D:8      | Killed Psyche
 13874 | D:8      | Killed a two-headed ogre
 14008 | D:8      | Reached skill level 14 in Maces & Flails
 14324 | D:9      | Killed a centaur warrior
 14497 | D:9      | Noticed Joseph
 14519 | D:9      | Killed Joseph
 14551 | D:9      | Noticed Erica
 14566 | D:9      | Killed Erica
 15038 | D:9      | Found a runed translucent gate.
 15038 | D:9      | Noticed a red ugly thing
 15039 | D:9      | Found a runed translucent gate.
 15040 | D:9      | Found a runed translucent gate.
 15040 | D:9      | Noticed a boulder beetle
 15040 | D:9      | Noticed a two-headed ogre
 15044 | D:9      | Noticed Tarias's ghost (journeyman OpCj)
 15143 | D:9      | Killed a two-headed ogre
 15486 | D:10     | Entered Level 10 of the Dungeon
 15596 | D:10     | Noticed Maggie
 15610 | D:10     | Killed Maggie
 15874 | D:10     | Reached skill level 15 in Maces & Flails
 16195 | D:10     | Reached XP level 12. HP: 68/81 MP: 10/12
 16771 | D:11     | Noticed Josephine
 17396 | D:11     | Killed Josephine
 17396 | D:11     | Reached ***** piety under Trog
 17404 | D:11     | Found a flagged portal.
 17412 | Bailey   | Entered a bailey
 17432 | Bailey   | HP: 4/82 [orc warrior (7)]
 17795 | D:11     | Found a staircase to the Lair.
 17806 | D:11     | Reached skill level 16 in Maces & Flails
 18065 | D:11     | Noticed a five-headed hydra
 18070 | D:11     | Killed a five-headed hydra
 18442 | D:11     | Noticed a centaur warrior
 18443 | D:11     | Noticed an ogre mage
 18565 | D:11     | Killed a centaur warrior
 18566 | D:11     | Reached skill level 1 in Shields
 18840 | D:11     | Noticed a four-headed hydra
 18853 | D:11     | Killed a four-headed hydra
 19205 | Lair:1   | Entered Level 1 of the Lair of Beasts
 19223 | Lair:1   | Noticed Fannar
 19758 | D:12     | Found Kudaenyk's Magic Scroll Shoppe.
 19773 | D:12     | Reached XP level 13. HP: 74/88 MP: 10/13
 19854 | D:12     | Mangled by a boulder beetle

Illustrated notes

Levels and vault maps discovered:
D:1:      onia_arrival_zoo_common, layout_loops_cross,
          hangedman_abyss_or_decor_stabs
D:2:      layout_basic, hellmonk_ecumenical_altar_watching_god
D:3:      layout_basic, mainiacjoe_overflow_alcove_1
D:4:      layout_layer_cave, minmay_surrounded
D:5:      layout_gridville, gup_ossuary_entry_pyramid,
          minmay_hollow_rounded_squares, uniq_prince_ribbit1, uniq_grinder
D:6:      nicolae_cairo_tiling, layout_loops_ring, kennysheep_generic_room_5,
          uniq_blork_the_orc, uniq_duvessa
D:7:      layout_loops_cross
D:8:      layout_rooms, serial_rivers, chequers_serial_rivers_micro_e,
          chequers_serial_rivers_large_a, chequers_serial_rivers_micro_d,
          chequers_serial_rivers_small_b, chequers_serial_rivers_micro_b,
          hangedman_decor_growths, skrybe_limestone_x, uniq_pikel, uniq_psyche
D:9:      statuecave_lemuel, layout_stronghold, gammafunk_ghost_split,
          uniq_joseph, uniq_erica
D:10:     minmay_twisted_water, layout_long_grid, uniq_maggie
D:11:     layout_basic, erik_lair_orcish_takeover, enter_bailey_5,
          grunt_tough_drop, uniq_josephine
D:12:     layout_irregular_city, erik_orc_1, serial_co_window_serial,
          co_window_corner_a, co_window_corner_a, co_window_corner_a,
          co_window_paths_b, co_window_paths_b, co_window_of_opportunity_a,
          co_window_corner_a, co_window_2corner, co_window_broadway_b,
          co_window_of_opportunity_b, co_window_broadway_a,
          co_window_unsneaky_path_d, co_window_broadway_b, co_window_4corner_a,
          glass_columns_a, glass_columns_c, glass_columns_a, glass_columns_a,
          glass_columns_a, gauntlet_entry_generic, kennysheep_small_square
Lair:1:   layout_regular_city, beast_lair_carwin_2, uniq_fannar

Skill      XL: |  1  2  3  4  5  6  7  8  9 10 11 12 |
---------------+-------------------------------------+-----
Maces & Flails | 4 5 6 7 9 11 13 15 16 | 16.7
Armour         | 3 4 5 |  5.0
Fighting       | 4 5 7 8 10 12 13 | 13.4
Shields        | 4 |  4.4
Dodging        | |  1.5

Action                   |  1- 3 |  4- 6 |  7- 9 | 10-12 | 13-15 || total
-------------------------+-------+-------+-------+-------+-------++-------
Melee: Mace              |   102 |    27 |       |       |       ||   129
       Flail             |       |   151 |   427 |   860 |    20 ||  1458
Throw: Dart              |       |       |       |     8 |       ||     8
Invok: Berserk           |     1 |     3 |     2 |    12 |     1 ||    19
       Trog's Hand       |       |     1 |       |       |       ||     1
       Brothers in Arms  |       |       |       |       |     1 ||     1
Evoke: Wand              |       |       |       |    24 |       ||    24
  Use: Scroll            |       |       |     5 |    15 |       ||    20
       Potion            |       |       |       |     2 |     1 ||     3
Armor: Animal skin       |     5 |       |       |       |       ||     5
       Ring mail         |    20 |       |       |       |       ||    20
       Chain mail        |    33 |   104 |   239 |   539 |     5 ||   920
Dodge: Dodged            |    60 |    72 |   134 |   299 |     1 ||   566
Block: Other             |       |    36 |    76 |    31 |       ||   143
       Reflection        |       |     2 |     3 |     1 |       ||     6
       Kite shield       |       |       |       |    52 |     6 ||    58

Table legend: (Time is in decaauts)
 A = Elapsed time spent in this place.
 B = Non-inter-level travel time spent in this place.
 C = Inter-level travel time spent in this place.
 D = Time resting spent in this place.
 E = Time spent auto-exploring this place.
 F = Levels seen in this place.
 G = Mean time per level.
                   A        B        C        D        E       F      G
               +--------+--------+--------+--------+--------+-----+--------+
         Total |  19916 |  18790 |   1126 |   7763 |   5847 |  15 | 1327.7 |
       Dungeon |  18918 |  17792 |   1126 |   7109 |   5847 |  12 | 1576.5 |
          Lair |     41 |     41 |      0 |      0 |      0 |   1 |   41.0 |
       Ossuary |    938 |    938 |      0 |    654 |      0 |   1 |  938.0 |
        Bailey |     17 |     17 |      0 |      0 |      0 |   1 |   17.0 |
               +--------+--------+--------+--------+--------+-----+--------+

Top non-repeatable levels by time:
     D:7: 2712 daAuts
     D:5: 2419 daAuts
    D:11: 2342 daAuts
     D:8: 2134 daAuts
    D:10: 1770 daAuts
     D:4: 1553 daAuts
     D:6: 1470 daAuts
     D:9: 1337 daAuts
     D:3: 1151 daAuts
     D:1: 940 daAuts
     D:2: 938 daAuts
 Ossuary: 938 daAuts
    D:12: 148 daAuts
  Lair:1: 41 daAuts
  Bailey: 17 daAuts
